Map: Prion Terraces

Players

Neeb - Winner!

  • Race: Protoss Protoss

Hydra

  • Race: Zerg Zerg

Event: DreamHack Open Tours WCS Spring Championship

VOD

Have the link to the VOD?

Description

Time

  • Played on: May 15, 2016, 6:42 a.m.
  • Length: 9:19

All games in this series

Show
View Real Time Build Order
Export as new Build Order

Neeb Protoss - Winner!

Build Orders: 1 Gate Expand 

Get SALT Encoding   

  12  0:00  Probe (Chrono Boost)  
  13  0:11  Probe (Chrono Boost)  
  14  0:17  Pylon  
  14  0:22  Probe (Chrono Boost)  
  16  0:35  Probe (Chrono Boost)  
  16  0:37  Gateway  
  16  0:46  Probe (Chrono Boost)  
  17  0:56  Probe (Chrono Boost)  
  18  0:57  Assimilator  
  18  1:07  Probe (Chrono Boost)  
  19  1:18  Nexus  
  19  1:22  Probe (Chrono Boost)  
  20  1:30  Cybernetics Core  
  20  1:37  Zealot (Chrono Boost)  
  22  1:44  Pylon  
  22  1:47  Probe (Chrono Boost)  
  22  1:56  Assimilator  
  22  1:59  Probe (Chrono Boost)  
  23  2:06  Adept (Chrono Boost)  
  25  2:10  Probe  
  25  2:13  Warp Gate  
  26  2:22  Probe (Chrono Boost)  
  27  2:30  Adept  
  27  2:33  Probe (Chrono Boost)  
  30  2:38  Probe (Chrono Boost)  
  30  2:44  Probe (Chrono Boost)  
  32  2:54  Probe (Chrono Boost)  
  32  2:56  Twilight Council  
  32  2:58  Probe (Chrono Boost)  
  34  3:05  Probe (Chrono Boost)  
  35  3:06  Pylon  
  35  3:09  Probe (Chrono Boost)  
  36  3:16  Probe (Chrono Boost)  
  36  3:19  Probe (Chrono Boost)  
  38  3:25  Probe (Chrono Boost)  
  38  3:26  Gateway x2  
  39  3:28  Resonating Glaives (Chrono Boost)  
  39  3:30  Probe (Chrono Boost)  
  40  3:35  Probe  
  41  3:42  Probe  
  41  3:45  Probe  
  41  3:47  Robotics Facility  
  43  3:53  Pylon  
  43  3:54  Probe  
  44  3:57  Assimilator  
  44  3:58  Probe  
  44  3:59  Assimilator  
  45  4:06  Probe  
  45  4:08  Probe  
  47  4:19  Probe, Pylon, Mothership Core  
  47  4:23  Adept x3  
  56  4:24  Pylon  
  56  4:31  Probe  
  53  4:33  Pylon, Warp Prism (Chrono Boost)  
  55  4:43  Adept  
  55  4:44  Adept x2  
  61  4:57  Nexus  
  61  4:59  Pylon  
  61  5:05  Adept x2  
  65  5:07  Adept  
  65  5:13  Probe x2  
  69  5:15  Observer (Chrono Boost)  
  70  5:22  Pylon  
  70  5:25  Probe  
  72  5:28  Probe  
  72  5:31  Adept  
  72  5:32  Adept x2  
  77  5:38  Immortal (Chrono Boost)  
  77  5:39  Probe  
  77  5:40  Probe  
  83  5:51  Probe  
  84  5:57  Forge  
  84  6:03  Sentry x3, Gateway  
  90  6:05  Gateway  
  90  6:06  Blink  
  90  6:08  Gateway  
  90  6:09  Probe x2  
  93  6:11  Observer (Chrono Boost)  
  93  6:18  Probe  
  84  6:27  Probe  
  84  6:29  Adept x3  
  84  6:30  Immortal (Chrono Boost)  
  95  6:34  Robotics Bay  
  95  6:35  Protoss Ground Weapons Level 1 (Chrono Boost)  
  95  6:36  Probe  
  90  6:42  Assimilator  
  90  6:44  Probe  
  90  6:45  Probe  
  90  6:46  Assimilator  
  92  6:48  Probe  
  92  6:49  Pylon  
  92  6:53  Sentry  
  92  6:54  Sentry  
  93  6:57  Probe  
  94  7:01  Probe, Stalker  
  94  7:02  Probe  
  94  7:08  Immortal (Chrono Boost)  
  102  7:14  Adept x3  
  108  7:16  Probe x2  
  108  7:22  Probe, Gateway  
  110  7:23  Gateway  
  111  7:41  Disruptor (Chrono Boost)  
  110  7:44  Stalker x3  
  110  7:48  Pylon  
  110  7:50  Pylon  
  112  7:51  Pylon  
  112  7:55  Pylon  
  112  7:56  Photon Cannon  
  112  7:57  Adept  
  112  7:58  Adept  
  116  8:06  Nexus  
  116  8:08  Probe, Pylon  
  116  8:09  Probe, Disruptor (Chrono Boost)  
  116  8:10  Probe  
  119  8:19  Stalker x2  
  125  8:21  Stalker  
  125  8:24  Stalker  
  129  8:35  Stalker x2  
  129  8:39  Disruptor  
  136  8:50  Adept x5  
  136  8:54  Adept  
  141  9:02  Probe x2  
Show
View Real Time Build Order
Export as new Build Order

Hydra Zerg 

Build Orders: Pool First 

Get SALT Encoding   

  12  0:17  Spawning Pool  
  11  0:22  Drone  
  11  0:26  Drone  
  13  0:30  Drone  
  14  0:39  Overlord  
  14  1:04  Zergling x4  
  16  1:05  Zergling x2  
  17  1:15  Zergling x2  
  17  1:18  Hatchery  
  17  1:26  Zergling x2  
  17  1:32  Queen  
  20  1:37  Zergling x2  
  21  1:41  Extractor  
  20  1:48  Zergling x2  
  21  1:58  Drone  
  22  2:09  Overlord  
  22  2:27  Queen  
  22  2:28  Drone  
  25  2:31  Drone  
  25  2:33  Drone  
  27  2:42  Drone x2  
  26  2:45  Drone  
  26  2:49  Drone  
  24  2:55  Metabolic Boost  
  24  2:57  Drone  
  25  3:02  Zergling x4  
  27  3:06  Zergling x2  
  27  3:08  Drone  
  29  3:13  Drone  
  29  3:19  Drone x3  
  33  3:20  Drone  
  33  3:24  Overlord  
  34  3:28  Zergling x2  
  35  3:36  Drone  
  35  3:40  Overlord  
  35  3:44  Zergling x6  
  35  3:46  Drone  
  38  3:53  Drone  
  38  4:00  Drone  
  39  4:04  Drone  
  39  4:05  Queen  
  39  4:07  Drone  
  43  4:10  Drone  
  43  4:11  Drone x2  
  43  4:15  Hatchery  
  45  4:18  Extractor  
  45  4:19  Overlord  
  45  4:21  Drone  
  45  4:25  Drone  
  45  4:30  Drone x3  
  48  4:32  Drone  
  48  4:35  Roach Warren  
  48  4:41  Lair  
  48  4:43  Drone  
  48  4:45  Extractor  
  48  4:46  Drone  
  48  4:50  Zergling x10  
  54  4:58  Overlord  
  54  4:59  Zergling x2  
  55  5:17  Roach  
  55  5:18  Roach x5  
  67  5:22  Overlord x2  
  67  5:28  Roach x3  
  70  5:36  Roach  
  70  5:38  Glial Reconstitution  
  69  5:45  Zergling x2  
  69  5:46  Zergling x10  
  74  5:57  Drone  
  75  6:06  Drone  
  75  6:07  Drone x2, Hydralisk Den  
  77  6:14  Hatchery  
  77  6:18  Roach x4  
  75  6:26  Zergling x6  
  75  6:28  Drone x3  
  75  6:31  Drone  
  76  6:37  Muscular Augments  
  76  6:39  Drone  
  75  6:42  Evolution Chamber  
  72  6:50  Drone  
  66  6:56  Drone x3  
  66  6:57  Drone x3  
  66  6:58  Drone x2  
  66  6:59  Drone  
  75  7:08  Zerg Missile Weapons Level 1  
  75  7:09  Hydralisk x2  
  76  7:16  Hydralisk  
  78  7:28  Overlord x3  
  78  7:40  Zergling x12  
  82  7:47  Hydralisk x4  
  90  7:51  Hydralisk  
  90  7:54  Ravager x2  
  90  7:58  Overseer  
  94  8:03  Drone  
  94  8:04  Drone x4  
  99  8:06  Drone x3, Extractor  
  99  8:08  Extractor  
  99  8:11  Hydralisk  
  102  8:18  Hydralisk x2  
  106  8:20  Overseer  
  106  8:25  Overlord x3  
  106  8:26  Overlord  
  106  8:35  Overlord  
  106  8:36  Overlord  
  106  8:45  Hydralisk x6  
  116  8:57  Roach  
  116  8:58  Roach x5  

Tags
 
Add a new tag
Caveats
  • Supply blocks, unpowered buildings, or Contaminate may cause inaccurate times.
  • Supply counts are checked every 10 seconds.